 Dungeon Crawl Stone Soup version 0.30-a0-165-g1891117ce2 (webtiles) character file.

Game seed: 11866066568007959794

174 qw the Chopper (level 5, -1/32 HPs)
             Began as a Gargoyle Fighter on Sept 28, 2022.
             Slain by an ogre
             ... wielding a +0 giant club
              (6 damage)
             ... on level 4 of the Dungeon.
             The game lasted 00:01:15 (2381 turns).

qw the Chopper (Gargoyle Fighter)                   Turns: 2381, Time: 00:01:16

Health: -1/32      AC: 15    Str: 26    XL:     5   Next: 54%
Magic:  5/5        EV:  8    Int:  8    God:
Gold:   115        SH:  4    Dex: 12    Spells: 4/4 levels left

rFire   . . .      SeeInvis .    Y - +4 war axe
rCold   . . .      Faith    .    c - +0 buckler
rNeg    + . .      Spirit   .    q - +0 chain mail
rPois   inf        Reflect  .    (no helmet)
rElec   +          Harm     .    (no cloak)
rCorr   .          Rampage  .    b - +0 pair of gloves of Oduguck {Str+4 Dex+3}
Will    .....                    n - +0 pair of boots
Stlth   ..........               (no amulet)
HPRegen 0.10/turn                (no ring)
MPRegen 0.09/turn                (no ring)

@: no status effects
A: sickness immunity, AC +4, negative energy resistance 1, electricity
resistance, torment resistance 1, petrification resistance
a: no special abilities


You were on level 4 of the Dungeon.
You visited 1 branch of the dungeon, and saw 4 of its levels.

You collected 115 gold pieces.


Innate Abilities, Weirdness & Mutations

You are immune to sickness and miasma.
Your stone body is resilient. (AC +4)
You are immune to poison.
You resist negative energy. (rN+)
You are resistant to electric shocks. (rElec)
You are resistant to unholy torment.
You are immune to petrification.


   Skills:
 - Level 3.2 Fighting
 - Level 5.0 Axes
 - Level 3.2 Armour
 + Level 0.4 Dodging
 - Level 3.2 Shields


You had 4 spell levels left.
You didn't know any spells.
Your spell library was empty.

Inventory:

Hand Weapons
 g - a +0 flail
 Y - a +4 war axe (weapon)
Armour
 b - the +0 pair of gloves of Oduguck (worn) {Str+4 Dex+3}
   (You acquired it on level 3 of the Dungeon)

   Str:       It affects your strength (+4).
   Dex:       It affects your dexterity (+3).
 c - a +0 buckler (worn)
 n - a +0 pair of boots (worn)
 q - a +0 chain mail (worn)
Potions
 d - a potion of might
 f - a potion of lignification {unknown}
 i - a potion of magic {unknown}
 j - a potion of haste
 k - 3 potions of curing
 l - a potion of berserk rage {unknown}
 o - a potion of attraction {unknown}
 s - a potion of flight {unknown}

Dungeon Overview and Level Annotations

Branches:
Dungeon (4/15)
 Temple: D:4-7

Altars:


Message History

You kill the goblin!
The gnoll hits you with a +0 halberd!
Your Axes skill increases to level 5!
You hit the gnoll.
You kill the gnoll!
You start resting.
HP restored.
Things that are here:
a +0 dagger; a +0 sling A kobold comes into view.
It is wielding a +0 dagger.
The kobold shouts!
You hear an angry hiss.
You hear a shout!
You hit the kobold.
The kobold is severely wounded.
You block the kobold's attack. The kobold hits you but does no damage.
You slash the kobold!
You kill the kobold!
An ogre comes into view. It is wielding a +0 giant club.
You barely miss the ogre. The ogre barely misses you.
You closely miss the ogre. The ogre hits you with a +0 giant club!
Ouch! That really hurt!
You hit the ogre but do no damage. The ogre barely misses you.
You barely miss the ogre. You block the ogre's attack.
You hit the ogre.
The ogre is moderately wounded.
An adder comes into view.
The adder hisses angrily.
You hit the ogre.
The ogre is heavily wounded.
You block the ogre's attack.
You hit the ogre.
The ogre is severely wounded.
The ogre hits you with a +0 giant club!
You hit the ogre.
The ogre is severely wounded.
The ogre hits you with a +0 giant club.
You die...

#...###.......#
#.............###
#.....)..........
#.....)).........
########.....)))........
.......................)
......).................
...........##...........
.....S.@............>...
......O....##...........
............#...........
............# . .......
.......!....#
............#
......$...###
...........


You could see an ogre and an adder.

Vanquished Creatures
  Terence (D:2)
  4 gnolls (D:4)
  2 adders (D:2)
  A worm (D:2)
  4 dart slugs
  2 orcs (D:4)
  5 ball pythons
  3 bats
  4 endoplasms
  6 giant cockroaches
  6 goblins
  6 hobgoblins
  8 jackals (D:3)
  A quokka (D:2)
  9 frilled lizards
  7 kobolds
  10 rats
79 creatures vanquished.

Notes
Turn   | Place    | Note
-------+----------+-------------------------------------------
     0 | D:1      | qw the Gargoyle Fighter began the quest for the Orb.
     0 | D:1      | Reached XP level 1. HP: 14/14 MP: 1/1
     0 | D:1      | 0 ||| qw: Version: 0.2-a-12-gaebbb33
     0 | D:1      | 0 ||| qw: Game counter: 910
     0 | D:1      | 0 ||| qw: Always use a shield: true
     0 | D:1      | 0 ||| qw: God list: Okawaru
     0 | D:1      | 0 ||| qw: Allow faded altars: false
     0 | D:1      | 0 ||| qw: Do Orc after D:15 true
     0 | D:1      | 0 ||| qw: Do second Lair branch before Depths: true
     0 | D:1      | 0 ||| qw: Lair rune preference: random
     0 | D:1      | 0 ||| qw: Plans: Normal, Zot:1-4, God:TSO, Crypt, Tomb,
                  | Pan, Slime:5, Hells, Abyss, Orb
     0 | D:1      | 0 ||| PLANNING D:1-11
   111 | D:1      | Reached skill level 2 in Axes
   278 | D:1      | Reached XP level 2. HP: 19/19 MP: 2/2
   308 | D:1      | 308 ||| Stepping ~*~*~tactically~*~*~ (stealth).
   309 | D:1      | 309 ||| Stepping ~*~*~tactically~*~*~ (stealth).
   422 | D:1      | Found a faded altar of an unknown god.
   425 | D:1      | 425 ||| Stepping ~*~*~tactically~*~*~ (stealth).
   460 | D:1      | 460 ||| Stepping ~*~*~tactically~*~*~ (stealth).
   465 | D:1      | 465 ||| Stepping ~*~*~tactically~*~*~ (stealth).
   495 | D:1      | 495 ||| Stepping ~*~*~tactically~*~*~ (stealth).
   512 | D:1      | 512 ||| Stepping ~*~*~tactically~*~*~ (stealth).
   516 | D:1      | Reached skill level 3 in Axes
   656 | D:1      | Reached XP level 3. HP: 23/23 MP: 3/3
   708 | D:1      | 708 ||| Stepping ~*~*~tactically~*~*~ (stealth).
   710 | D:1      | 710 ||| Stepping ~*~*~tactically~*~*~ (stealth).
   711 | D:1      | 711 ||| Stepping ~*~*~tactically~*~*~ (stealth).
   928 | D:1      | 928 ||| UPGRADING to +0 pair of gloves.
   933 | D:1      | 933 ||| UPGRADING to +0 pair of boots.
   938 | D:1      | 938 ||| READING scroll labelled ROKHUKHUZU.
   939 | D:1      | 939 ||| READING scroll labelled EGHEOSI MO CAS.
   940 | D:1      | 940 ||| READING scroll labelled GYTSUNGULLA.
   941 | D:1      | 941 ||| DRINKING 3 fuming emerald potions.
  1025 | D:2      | 1025 ||| FLEEEEING.
  1048 | D:2      | 1048 ||| Stepping ~*~*~tactically~*~*~ (stealth).
  1054 | D:2      | 1054 ||| Stepping ~*~*~tactically~*~*~ (stealth).
  1055 | D:2      | 1055 ||| Stepping ~*~*~tactically~*~*~ (stealth).
  1058 | D:2      | 1058 ||| Stepping ~*~*~tactically~*~*~ (stealth).
  1158 | D:2      | 1158 ||| READING 3 scrolls of enchant weapon.
  1158 | D:2      | 1158 ||| ENCHANTING +1 war axe.
  1159 | D:2      | 1159 ||| READING 2 scrolls of enchant weapon.
  1159 | D:2      | 1159 ||| ENCHANTING +2 war axe.
  1160 | D:2      | 1160 ||| READING scroll of enchant weapon.
  1160 | D:2      | 1160 ||| ENCHANTING +3 war axe.
  1301 | D:2      | Reached XP level 4. HP: 26/28 MP: 4/4
  1329 | D:2      | 1329 ||| Stepping ~*~*~tactically~*~*~ (stealth).
  1356 | D:2      | Reached skill level 4 in Axes
  1371 | D:2      | Noticed Terence
  1379 | D:2      | Killed Terence
  1702 | D:2      | 1702 ||| UPGRADING to +0 chain mail.
  1712 | D:2      | 1712 ||| DROPPING +0 scale mail.
  1713 | D:2      | 1713 ||| READING scroll labelled HIOTIEHIXU.
  1714 | D:2      | 1714 ||| READING scroll labelled WIFRAU WAECK.
  1715 | D:2      | 1715 ||| READING scroll labelled TIEFEYDWUX.
  1716 | D:2      | 1716 ||| READING scroll labelled VIPPYN USTRUNY.
  1770 | D:2      | 1770 ||| READING scroll labelled NUNOMIKUVU.
  1773 | D:2      | 1773 ||| READING scroll labelled SUSYRCH BEAH.
  1959 | D:3      | 1959 ||| Stepping ~*~*~tactically~*~*~ (stealth).
  1961 | D:3      | 1961 ||| Stepping ~*~*~tactically~*~*~ (stealth).
  1968 | D:3      | 1968 ||| Stepping ~*~*~tactically~*~*~ (stealth).
  1969 | D:3      | 1969 ||| Stepping ~*~*~tactically~*~*~ (stealth).
  2005 | D:3      | 2005 ||| Stepping ~*~*~tactically~*~*~ (stealth).
  2007 | D:3      | 2007 ||| Stepping ~*~*~tactically~*~*~ (stealth).
  2008 | D:3      | 2008 ||| Stepping ~*~*~tactically~*~*~ (stealth).
  2009 | D:3      | 2009 ||| Stepping ~*~*~tactically~*~*~ (stealth).
  2011 | D:3      | 2011 ||| Stepping ~*~*~tactically~*~*~ (stealth).
  2015 | D:3      | Reached XP level 5. HP: 32/32 MP: 5/5
  2056 | D:3      | 2056 ||| Stepping ~*~*~tactically~*~*~ (stealth).
  2064 | D:3      | 2064 ||| Stepping ~*~*~tactically~*~*~ (stealth).
  2208 | D:3      | 2208 ||| DROPPING ring of wizardry.
  2209 | D:3      | 2209 ||| READING scroll labelled LUECWO IXAYSUM.
  2209 | D:3      | Identified a scroll of acquirement
  2209 | D:3      | 2209 ||| ACQUIRING +0 pair of gloves of Oduguck {Str+4
                  | Dex+3}
  2209 | D:3      | Acquired the +0 pair of gloves of Oduguck {Str+4 Dex+3}
  2211 | D:3      | 2211 ||| UPGRADING to +0 pair of gloves of Oduguck {Str+4
                  | Dex+3}.
  2221 | D:3      | 2221 ||| DROPPING +0 pair of gloves.
  2222 | D:3      | 2222 ||| READING scroll labelled GITUZANABRE.
  2223 | D:3      | 2223 ||| DRINKING 2 sedimented yellow potions.
  2224 | D:3      | 2224 ||| DRINKING 2 smoky emerald potions.
  2256 | D:4      | 2256 ||| DROPPING +0 mace.
  2281 | D:4      | HP: 7/32 [gnoll/+0 halberd (5)]
  2281 | D:4      | HP: 3/32 [gnoll/+0 spear (4)]
  2282 | D:4      | 2282 ||| DRINKING potion of heal wounds.
  2285 | D:4      | Reached skill level 5 in Axes
  2367 | D:4      | Noticed an ogre
  2380 | D:4      | HP: 5/32 [ogre/+0 giant club (11)]
  2381 | D:4      | Slain by an ogre

Levels and vault maps discovered:
D:1:      dpeg_arrival_central, layout_loops_ring,
          shapermc_ecumenical_altar_starsandcircs
D:2:      layout_loops_ring, uniq_terence
D:3:      layout_basic
D:4:      layout_basic, uniq_ijyb, uniq_eustachio, uniq_grinder

Skill      XL: |  1  2  3  4  5 |
---------------+----------------+-----
Axes           | 2 3 4 5 |  5.0
Fighting       | |  3.2
Armour         | |  3.2
Dodging        | |  0.4
Shields        | |  3.2

Action                   |  1- 3 |  4- 6 || total
-------------------------+-------+-------++-------
Melee: War axe           |   104 |    77 ||   181
  Use: Scroll            |     6 |     8 ||    14
       Potion            |     1 |     3 ||     4
Armor: Scale mail        |    45 |     9 ||    54
       Chain mail        |       |    32 ||    32
Dodge: Dodged            |    53 |    23 ||    76
Block: Buckler           |    12 |    13 ||    25

Table legend:
 A = Non-vault XP
 B = Vault XP
 C = Vault XP percentage of total XP
 D = Non-vault monster count
 E = Vault monster count
 F = Vault count percentage of total count
                 A         B        C        D         E       F
            +---------+---------+-------+---------+---------+-------
      Total |     213 |      36 |  14.5 |      78 |       1 |   1.3
            +---------+---------+-------+---------+---------+-------
        D:1 |      42 |       0 |   0.0 |      27 |       0 |   0.0
        D:2 |      65 |      36 |  35.6 |      20 |       1 |   4.8
        D:3 |      38 |       0 |   0.0 |      21 |       0 |   0.0
        D:4 |      68 |       0 |   0.0 |      10 |       0 |   0.0
            +---------+---------+-------+---------+---------+-------
